 Dungeon Crawl Stone Soup version 0.28.0-45-g0d030f2227 (webtiles) character file.

Game seed: 4306750977326892838

1027 issech the Skirmisher (level 8, -6/78 HPs)
             Began as a Troll Monk on Apr 16, 2022.
             Mangled by a two-headed ogre
             ... wielding a +1 dire flail of protection
              (9 damage)
             ... on level 4 of the Dungeon.
             The game lasted 00:12:54 (3306 turns).

issech the Skirmisher (Troll Monk)                  Turns: 3306, Time: 00:12:55

Health: -6/78      AC:  9    Str: 20    XL:     8   Next: 3%
Magic:  7/7        EV: 11    Int:  6    God:
Gold:   142        SH:  0    Dex: 14    Spells: 7/7 levels left

rFire   + . .      SeeInvis .   a - +8 morningstar "Orb Guardian's Regret" {drain, rF+}
rCold   . . .      Faith    .   (no shield)
rNeg    . . .      Spirit   .   b - +0 robe
rPois   .          Reflect  .   z - +2 hat
rElec   .          Harm     .   y - +2 cloak
rCorr   .          Rampage  .   (gloves unavailable)
Will    .....                   (boots unavailable)
Stlth   ++........              t - amulet of regeneration
HPRegen 1.83/turn               (no ring)
MPRegen 0.10/turn               (no ring)

@: no status effects
A: large, unfitting armour, claws 3, regeneration 1, shaggy fur 1, tough skin 1
a: no special abilities


You were on level 4 of the Dungeon.
You visited 1 branch of the dungeon, and saw 4 of its levels.

You collected 142 gold pieces.

Inventory:

Hand Weapons
 a - the +8 morningstar "Orb Guardian's Regret" (weapon) {drain, rF+}
   (You acquired it on level 2 of the Dungeon)

   A truly terrible weapon, it drains the life of any living foe it strikes.
   rF:        It protects you from fire.
 h - a +2 short sword of electrocution
 q - a +0 war axe
 r - a +0 mace
 w - a +5 great sword
 x - a +4 quarterstaff of chaos
 C - a +2 dire flail of holy wrath
Missiles
 e - 98 stones (quivered)
 i - 2 boomerangs
 o - 18 sling bullets
 p - 8 poisoned darts
 s - 5 curare-tipped darts
Armour
 b - a +0 robe (worn)
 y - a +2 cloak (worn)
 z - a +2 hat (worn)
Jewellery
 t - an amulet of regeneration (around neck)
Wands
 k - a wand of flame (37)
 B - a wand of digging (4)
Scrolls
 d - a scroll of noise {unknown}
 m - a scroll of magic mapping
 u - 2 scrolls of enchant weapon
Potions
 c - a potion of flight {unknown}
 f - a potion of brilliance {unknown}
 g - a potion of berserk rage {unknown}
 j - a potion of mutation {unknown}
 l - a potion of lignification {unknown}
 n - a potion of heal wounds {unknown}
 v - a potion of attraction {unknown}
 A - a potion of curing {unknown}


   Skills:
 + Level 4.2 Fighting
 + Level 3.5(3.7) Short Blades
 + Level 1.4(2.7) Long Blades
 + Level 3.4(3.8) Axes
 + Level 2.7(3.7) Maces & Flails
 + Level 4.1 Dodging
 + Level 1.7 Stealth


You had 7 spell levels left.
You didn't know any spells.
Your spell library contained the following spells:

 Spells                   Type           Power      Damage    Failure   Level
 Summon Small Mammal      Summ           0%         N/A       45%         1
 Call Canine Familiar     Summ           0%         N/A       83%         3
 Ignite Poison            Fire/Tmut/Pois 0%         N/A       83%         3
 Mephitic Cloud           Conj/Pois/Air  0%         N/A       83%         3
 Summon Guardian Golem    Hex/Summ       0%         N/A       83%         3
 Animate Dead             Necr           0%         N/A       99%         4
 Freezing Cloud           Conj/Ice/Air   0%         6-21      100%        5
 Haunt                    Necr/Summ      0%         N/A       100%        7
 Infestation              Necr           0%         N/A       100%        8


Dungeon Overview and Level Annotations

Branches:
Dungeon (4/15)
 Temple: D:4-7

Altars:
Fedhas
Vehumet

Shops:
D:1 [


Innate Abilities, Weirdness & Mutations

You are too large for most types of armour.
You have claws for hands.
Your natural rate of healing is unusually fast.
You are covered in fur. (AC +1)
You have tough skin. (AC +1)


Message History

You see here an adder corpse.
You see here an adder corpse.
You see here a +0 scale mail.
Done exploring.
Done exploring.
A two-headed ogre comes into view.
It is wielding a +1 dire flail of protection and a +0 giant club.
The two-headed ogre shouts in stereo!
You hit the two-headed ogre but do no damage.
The two-headed ogre hits you with a +1 dire flail of protection!
The two-headed ogre hits you with a +0 giant club!!
You hit the two-headed ogre but do no damage.
The two-headed ogre hits you with a +1 dire flail of protection!!
* * * LOW HITPOINT WARNING * * *
The two-headed ogre hits you with a +0 giant club.
* * * LOW HITPOINT WARNING * * *
You hit the two-headed ogre. You drain the two-headed ogre.
The two-headed ogre is lightly wounded.
The two-headed ogre hits you with a +1 dire flail of protection!
* * * LOW HITPOINT WARNING * * *
The two-headed ogre closely misses you.
You puncture the two-headed ogre!
The two-headed ogre is moderately wounded.
The two-headed ogre misses you.
The two-headed ogre hits you with a +0 giant club!
* * * LOW HITPOINT WARNING * * *
You puncture the two-headed ogre! You drain the two-headed ogre.
The two-headed ogre is severely wounded.
The two-headed ogre hits you with a +1 dire flail of protection.
* * * LOW HITPOINT WARNING * * *
The two-headed ogre barely misses you.
You sock the two-headed ogre!
The two-headed ogre is almost dead.
The two-headed ogre barely misses you.
The two-headed ogre hits you with a +0 giant club.
* * * LOW HITPOINT WARNING * * *
You puncture the two-headed ogre!
The two-headed ogre is almost dead.
The two-headed ogre closely misses you.
The two-headed ogre hits you with a +0 giant club!
You die...

#.# ##..#..##....##...... #.#
##..)###.##...##......
#.###..##.._.###..##.###..
#.##..##......#....#.###..
########.##.#.#..⌠.⌠..###.#......
............#..........##.#.###..
##########..######.#####..#.# #..
##....###.#####..#.# #.. ####
#.....@O........#.# #.# )..#
########.##..##...###.# ##.#
#.....##........ #.#
######...........# #.# #..#
##.......#### #.# #..#
####.#...... #.######## #..#
#.####### #....<...# #..# #.#
########.######..# #.#


You could see a two-headed ogre (drained).

Vanquished Creatures
  Edmund (D:4)
  A necrophage (D:4)
  A phantom (D:4)
  A scorpion (D:4)
  A water moccasin skeleton (D:4)
  5 wights (D:3)
  A jelly (D:4)
  2 orc priests
  Crazy Yiuf (D:2)
  Terence (D:2)
  An iguana (D:3)
  3 orc wizards
  4 gnolls (D:2)
  6 adders
  A white imp (D:3)
  A dart slug (D:2)
  8 orcs
  10 ball pythons
  4 bats
  11 endoplasms
  2 giant cockroaches
  4 goblins
  12 hobgoblins
  2 quokkas (D:2)
  4 frilled lizards
  11 kobolds
  4 rats
103 creatures vanquished.

Notes
Turn   | Place    | Note
-------+----------+-------------------------------------------
     0 | D:1      | issech the Troll Monk began the quest for the Orb.
     0 | D:1      | Reached XP level 1. HP: 22/22 MP: 0/0
   100 | D:1      | Reached XP level 2. HP: 17/29 MP: 1/1
   383 | D:1      | Found Ximenios's Armour Shoppe.
   462 | D:1      | You fall into a shaft and drop 1 floor!
   489 | D:2      | Reached XP level 3. HP: 11/36 MP: 2/2
   828 | D:1      | Found a faded altar of an unknown god.
  1286 | D:2      | Reached XP level 4. HP: 24/44 MP: 3/3
  1553 | D:2      | Reached skill level 1 in Short Blades
  1553 | D:2      | Noticed Terence
  1568 | D:2      | Killed Terence
  1569 | D:2      | Reached XP level 5. HP: 29/53 MP: 4/4
  1684 | D:2      | Found a runed translucent door.
  1685 | D:2      | Noticed Crazy Yiuf
  2056 | D:3      | Reached XP level 6. HP: 39/61 MP: 5/5
  2240 | D:3      | Found a blossoming altar of Fedhas.
  2399 | D:2      | Killed Crazy Yiuf
  2418 | D:2      | Identified a scroll of acquirement
  2419 | D:2      | Acquired the +8 morningstar "Orb Guardian's Regret" {drain,
                  | rF+}
  2535 | D:4      | Reached XP level 7. HP: 59/62 MP: 6/6
  2657 | D:4      | Reached skill level 1 in Maces & Flails
  2811 | D:4      | Found a radiant altar of Vehumet.
  2816 | D:4      | Reached skill level 1 in Long Blades
  3176 | D:4      | Noticed Edmund
  3192 | D:4      | Killed Edmund
  3193 | D:4      | Reached XP level 8. HP: 64/78 MP: 7/7
  3296 | D:4      | Noticed a two-headed ogre
  3305 | D:4      | HP: 1/78 [two-headed ogre/+1 dire flail of protection (6)]
  3306 | D:4      | Mangled by a two-headed ogre

Illustrated notes

Levels and vault maps discovered:
D:1:      amcnicky_arrival_double_pillar, layout_basic, serial_shops,
          nicolae_diamond_shop, dreamdust_ecumenical_altar_grove
D:2:      layout_rooms, grunt_ministairs_14, uniq_crazy_yiuf_cottage,
          uniq_terence
D:3:      kennysheep_big_flooded_room, layout_rooms, fedhas_altar_2
D:4:      layout_loops_ring, minmay_ruined_shrine, uniq_edmund

Skill      XL: |  1  2  3  4  5  6  7 |
---------------+----------------------+-----
Axes           | 3 |  3.4
Fighting       | 3 4 |  4.2
Dodging        | 3 4 |  4.1
Short Blades   | 1 2 3 |  3.5
Maces & Flails | 2 |  2.7
Long Blades    | 1 |  1.4
Stealth        | |  1.7

Action                   |  1- 3 |  4- 6 |  7- 9 || total
-------------------------+-------+-------+-------++-------
Melee: Hand axe          |    73 |       |       ||    73
       Short sword       |    41 |   161 |       ||   202
       Punch             |       |     3 |       ||     3
       Great sword       |       |     6 |       ||     6
       Morningstar       |       |     1 |    73 ||    74
Throw: Stone             |       |     5 |       ||     5
  Use: Scroll            |       |     4 |       ||     4
 Stab: Sleeping          |       |       |     1 ||     1
Armor: Robe              |    40 |    59 |    25 ||   124
Dodge: Dodged            |    61 |    90 |    37 ||   188
